Cogmind - Beta 12 *** ADVENTURER MODE // 2023.11.17 @ 23:18:22 // Winter2019/RPGLIKE Player: Noname Result: Destroyed by S-27 Virus with Autogun Performance ------------- Evolutions (4) 2000 Regions Visited (9) 1800 Robots Destroyed (92) 460 Value Destroyed (3410) 3410 Prototype IDs (40) 800 Alien Tech Used (0) 0 Bonus (1374) 1374 TOTAL SCORE: 9844 Bonus ------- High Alert Combat Kills 15 Follower Combat Kills 1059 Aligned with FarCom 300 Cogmind --------- Core Integrity 0/600 Matter 300/300 Energy 488/490 System Corruption 0% Temperature Cool (4) Movement Hovering (108) Ox1 Location -6/Factory Parts ------- > --- POWER (2) -------- Fusion Reactor Fusion Reactor > --- PROPULSION (4) --- Gravmag System Gravmag System Gravmag System Gravmag System > --- UTILITY (9) ------ Improved Cooling System Improved Trap Scanner Experimental Sensor Array Improved Signal Interpreter Transmission Jammer Hardened Medium Armor Plating Improved Medium Armor Plating Dynamic Insulation System Corruption Screen > --- WEAPON (5) ------- Gravity Flail Centrium Greatsword Centrium Greatsword > --- INVENTORY (5) ---- Improved System Restoration Module Advanced Plasma Rifle Latent Energy Streamer Peak State ------------ > --- POWER ------------ Fusion Reactor Fusion Reactor > --- PROPULSION ------- Gravmag System Gravmag System Gravmag System Gravmag System > --- UTILITY ---------- Improved Cooling System Improved Trap Scanner Experimental Sensor Array Improved Signal Interpreter 0b10 Alert Chip Advanced Targeting Computer Transmission Jammer Improved Medium Armor Plating Corruption Screen > --- WEAPON ----------- Advanced Plasma Rifle Centrium Greatsword Centrium Greatsword > --- INVENTORY -------- Dynamic Insulation System Improved System Restoration Module Latent Energy Streamer Gravity Flail [Rating: 114] Favorites ----------- Power Fusion Reactor Engine Improved Deuterium Engine Power Core Light Nuclear Core Reactor Fusion Reactor Propulsion Gravmag System Leg Aluminum Leg Wheel Armored Wheel Hover Unit Gravmag System Utility Experimental Sensor Array Device Experimental Sensor Array Storage Large Matter Pod Processor 0b10 Alert Chip Protection Reactive Plating Weapon Gauss Rifle Energy Gun Advanced Plasma Rifle Energy Cannon Latent Energy Streamer Ballistic Gun Gauss Rifle Ballistic Cannon Mini Assault Cannon Impact Weapon Gravity Flail Slashing Weapon Centrium Greatsword Build | -11 -10 -10 -10 -9 -8 -7 -7 -7 -6 ------- Run | Jun Mat Min Exi Min Mat Fac Was Fac Fac Slots Evolved 16 | 5 1 . 1 . 4 2 . 3 . Power 1 | . . . . . 1 . . . . Propulsion 3 | 1 . . . . 1 1 . . . Utility 8 | 3 1 . 1 . 2 1 . . . Weapon 4 | 1 . . . . . . . 3 . Parts Attached 92 | 3 15 3 1 . 26 10 6 28 . Power 15 | . . 1 . . 2 4 3 5 . Engine 5 | . . . . . 1 3 . 1 . Core 3 | . . 1 . . 1 1 . . . Reactor 7 | . . . . . . . 3 4 . Propulsion 11 | 2 2 . . . 4 1 . 2 . Treads . | . . . . . . . . . . Leg . | . . . . . . . . . . Wheel 4 | 2 2 . . . . . . . . Hover 7 | . . . . . 4 1 . 2 . Flight . | . . . . . . . . . . Utility 35 | . 9 2 1 . 10 2 2 9 . Device 19 | . 4 2 . . 4 1 1 7 . Storage 2 | . 2 . . . . . . . . Processor 8 | . 3 . 1 . 3 . 1 . . Hackware . | . . . . . . . . . . Protection 6 | . . . . . 3 1 . 2 . Artifact . | . . . . . . . . . . Weapon 31 | 1 4 . . . 10 3 1 12 . Energy Gun 6 | . 1 . . . . . 1 4 . Energy Cannon 4 | . . . . . 4 . . . . Ballistic Gun 13 | 1 3 . . . 6 2 . 1 . Ballistic Cannon 1 | . . . . . . . . 1 . Launcher . | . . . . . . . . . . Special Weapon . | . . . . . . . . . . Impact Weapon 4 | . . . . . . . . 4 . Slashing Weapon 3 | . . . . . . 1 . 2 . Piercing Weapon . | . . . . . . . . . . Special Melee Weapon . | . . . . . . . . . . Unidentified Prototypes 11 | . 1 1 . . . . 2 7 . Parts Lost 2 | . . . . . . . . 2 . Power . | . . . . . . . . . . Propulsion . | . . . . . . . . . . Utility 2 | . . . . . . . . 2 . Weapon . | . . . . . . . . . . Highest Loss Streak 2 | . . . . . . . . 2 . To Critical Strikes . | . . . . . . . . . . Average Slot Usage (%) 95 | . 91 100 100 100 99 99 98 91 90 Engine 2 | . 10 4 . . 1 9 2 . . Core 3 | . . 5 9 9 11 2 . . . Reactor 4 | . . . . . . . 8 10 10 Wheel 5 | . 21 20 18 18 3 . . . . Hover 13 | . . . . . 12 19 23 20 20 Device 21 | . 13 30 28 27 21 24 21 20 25 Processor 22 | . 14 20 23 27 28 24 23 20 10 Protection 4 | . 9 . . . 5 5 5 5 10 Energy Gun 1 | . 5 . . . . . 3 2 . Ballistic Gun 9 | . 15 20 18 18 14 11 7 1 . Slashing Weapon 2 | . . . . . . . . 7 10 Naked Turns . | . . . . . . . . . . Heaviest Build 61 | 6 13 14 14 14 38 45 58 61 61 Greatest Support 46 | 26 26 24 24 24 32 41 41 46 46 Greatest Overweight (x) 2 | . . . . . 2 1 2 2 1 Average Overweight (x) . | . . . . . . . 1 1 1 Largest Inventory Capacity 5 | 1 1 1 1 2 3 3 3 5 5 Average Capacity 2 | 1 1 1 1 1 2 3 3 3 5 Most Carried 4 | 1 1 1 1 2 3 3 3 4 3 Average Carried 2 | . . 1 . 1 2 2 3 3 3 Final Capacity 5 | 1 1 1 1 2 3 3 3 5 5 Final Carried 3 | 1 1 1 1 2 3 3 3 3 3 Class Distribution -------------------- 30% | Skirmisher 28% | Hacker-Gladiator 24% | Hacker-Skirmisher 8% | Mutant 3% | Hacker-Scout 3% | Scavenger-Skirmisher Dominant Class ---------------- Mutant | -10/Materials Skirmisher | -10/Mines Skirmisher | -10/Exiles Skirmisher | -9/Mines Skirmisher | -8/Materials Hacker-Skirmisher | -7/Factory Hacker-Skirmisher | -7/Waste Hacker-Gladiator | -7/Factory Hacker-Gladiator | -6/Factory Resources | -11 -10 -10 -10 -9 -8 -7 -7 -7 -6 ----------- Run | Jun Mat Min Exi Min Mat Fac Was Fac Fac Matter Collected 2084 | 230 214 134 . 40 802 282 60 322 . Remotely 444 | . . . . . . 282 50 112 . Salvage Created 3443 | . 441 142 . 53 1681 240 . 861 25 Parts 228 | . 33 6 . 7 106 20 . 52 4 Haulers Intercepted 2 | . . . . . 1 . . 1 . Recyclers Shooed 2 | . . . . . 2 . . . . Parts Field Recycled . | . . . . . . . . . . Retrieved Matter . | . . . . . . . . . . Parts Self-Destructed . | . . . . . . . . . . Prevented . | . . . . . . . . . . Kills | -11 -10 -10 -10 -9 -8 -7 -7 -7 -6 ------- Run | Jun Mat Min Exi Min Mat Fac Was Fac Fac Combat Hostiles Destroyed 74 | . 11 3 . 4 28 8 . 20 . Melee 13 | . . . . . . . . 13 . Guns 52 | . 11 3 . 4 19 8 . 7 . AOE 8 | . . . . . 8 . . . . Classes Destroyed 14 | . 3 . . . 7 2 . 2 . Worker 2 | . . . . . 1 . . 1 . Tunneler 1 | . . . . . 1 . . . . Hauler 2 | . . . . . 1 . . 1 . Recycler 2 | . . . . . 2 . . . . Watcher 11 | . 3 . . . 5 . . 2 1 Swarmer 14 | . 3 . . 4 4 1 . 2 . Grunt 29 | . 8 3 . . 8 1 . 9 . Brawler 2 | . . . . . . 1 . 1 . Duelist 1 | . . . . . 1 . . . . Sentry 18 | . . . . . 12 3 . 3 . Specialist 2 | . . . . . . . . 2 . Hunter 5 | . . . . . 3 1 . 1 . Programmer 2 | . . . . . . 1 . 1 . Heavy 1 | . . . . . . . . 1 . Best Kill Streak 4 | . 4 2 . 2 4 2 . 3 1 Combat Bots Only 4 | . 4 2 . 2 4 2 . 3 . Max Kills in Single Turn 4 | . 1 1 . 1 4 1 . 2 1 Gunslinging . | . . . . . . . . . . Exploded 4 | . . . . . 4 . . . . Melee 1 | . . . . . . . . 1 . Uniques/NPCs Destroyed . | . . . . . . . . . . Combat | -11 -10 -10 -10 -9 -8 -7 -7 -7 -6 -------- Run | Jun Mat Min Exi Min Mat Fac Was Fac Fac Damage Taken 3160 | . 469 119 . 65 631 321 . 1430 125 Core 2178 | . 342 96 . 49 418 216 . 987 70 Absorbed by Shields . | . . . . . . . . . . Redirected to Core 1897 | . 254 71 . 42 336 196 . 942 56 Regen/Repaired (Parts) 79 | . . . . . . . 60 19 . Core Remaining (%) 75 | 100 . . . 94 98 . . 10 . Volleys Fired 184 | . 38 9 . 5 67 22 . 43 . Largest 2 | . 2 2 . 2 2 2 . 2 . Hottest 116 | . 100 46 . 46 88 56 . 116 . Shots Fired 324 | . 63 18 . 10 133 44 . 56 . Gun 320 | . 63 18 . 10 129 44 . 56 . Cannon 4 | . . . . . 4 . . . . Launcher . | . . . . . . . . . . Special . | . . . . . . . . . . Kinetic 252 | . 38 18 . 10 129 44 . 13 . Thermal 68 | . 25 . . . . . . 43 . Explosive . | . . . . . . . . . . Electromagnetic 4 | . . . . . 4 . . . . Robot Hit Streak 39 | . 19 7 . 5 39 11 . 33 . Robot Miss Streak 3 | . 3 1 . 1 1 2 . 1 . Penetration Max 1 | . . . . . 1 . . . . Secondary Targets 5 | . 3 1 . 1 . . . . . Max Gunslinging Chain 1 | . 1 1 . 1 . . . . . Shots Hit Robots 302 | . 48 14 . 7 105 37 . 90 1 Core Hits 141 | . 19 4 . 4 58 21 . 35 . Critical Kills 2 | . 1 . . . . 1 . . . Critical Parts Destroyed 6 | . 1 . . . 3 2 . . . Critical Strikes 17 | . 3 . . . 3 3 . 8 . Burn 2 | . 1 . . . . . . 1 . Destroy 8 | . 2 . . . 3 3 . . . Sever 7 | . . . . . . . . 7 . Melee Attacks 72 | . . . . . . . . 71 1 Impact 4 | . . . . . . . . 4 . Slashing 68 | . . . . . . . . 67 1 Piercing . | . . . . . . . . . . Sneak Attacks 1 | . . . . . . . . 1 . Combat Hostiles . | . . . . . . . . . . Follow-up Attacks 7 | . . . . . . . . 7 . Damage Inflicted 8871 | . 683 196 . 114 3336 776 . 3693 73 Guns 4955 | . 683 196 . 114 2051 776 . 1135 . Cannons 10 | . . . . . 10 . . . . Explosions 1275 | . . . . . 1275 . . . . Melee 2631 | . . . . . . . . 2558 73 Ramming . | . . . . . . . . . . Kinetic 3815 | . 435 196 . 114 2051 776 . 243 . Thermal 1140 | . 248 . . . . . . 892 . Explosive . | . . . . . . . . . . Electromagnetic 1285 | . . . . . 1285 . . . . Impact 72 | . . . . . . . . 72 . Slashing 2559 | . . . . . . . . 2486 73 Piercing . | . . . . . . . . . . Highest Corruption 8 | . . . . . 8 . . . . Average Corruption 5 | . . . . . 5 . . . . Corruption Purged . | . . . . . . . . . . Corruption Blocked 4 | . . . . . 3 1 . . . Effects 47 | . . . . . 47 . . . . Message Errors 15 | . . . . . 15 . . . . Matter Fused 11 | . . . . . 11 . . . . Heat Flow Errors 1 | . . . . . 1 . . . . Energy Discharges 6 | . . . . . 6 . . . . Parts Rejected 2 | . . . . . 2 . . . . Parts Fused 1 | . . . . . 1 . . . . Data Loss (minor) 1 | . . . . . 1 . . . . Data Loss (major) 3 | . . . . . 3 . . . . Misfires 3 | . . . . . 3 . . . . Alerts 3 | . . . . . 3 . . . . Weapon Failures 1 | . . . . . 1 . . . . Overload Shots . | . . . . . . . . . . Overflow Damage 274 | . . . . . 90 . . 146 38 Projectiles . | . . . . . . . . . . Explosions 90 | . . . . . 90 . . . . Melee 184 | . . . . . . . . 146 38 Knockbacks . | . . . . . . . . . . Impact . | . . . . . . . . . . Kinetic . | . . . . . . . . . . Secondary . | . . . . . . . . . . Self-Inflicted Damage 4 | . . . . . 4 . . . . Shots 1 | . . . . . 1 . . . . Rammed . | . . . . . . . . . . Targets Rammed . | . . . . . . . . . . Kicked . | . . . . . . . . . . Crushed . | . . . . . . . . . . Highest Temperature 390 | . 312 . . . 345 66 356 390 . Average Temperature 121 | . 90 . . . 133 25 217 122 . Received Heat Transfer 1098 | . 282 54 . 6 279 84 . 393 . Effects 15 | . . . . . 7 . 1 7 . Shutdowns 5 | . . . . . 3 . . 2 . Energy Bleed 2 | . . . . . . . . 2 . Interference 7 | . . . . . 4 . . 3 . Damage (minor) 1 | . . . . . . . 1 . . Siege Activations . | . . . . . . . . . . Robots Corrupted 1 | . . . . . 1 . . . . Combat Hostiles 1 | . . . . . 1 . . . . Parts Fried 2 | . . . . . 2 . . . . Impact Corruptions 1 | . . . . . . . . 1 . Robots Melted . | . . . . . . . . . . Combat Hostiles . | . . . . . . . . . . Parts Melted 4 | . 2 . . . . . . 2 . Heat Transferred 2389 | . 814 . . . . . . 1575 . Parts Sabotaged . | . . . . . . . . . . Parts Stolen . | . . . . . . . . . . Parts Stripped . | . . . . . . . . . . Power Chain Reactions . | . . . . . . . . . . Missiles Intercepted . | . . . . . . . . . . Latent Energy Used 718 | . . . . . 718 . . . . LE Corruption 11 | . . . . . 11 . . . . Alert | -11 -10 -10 -10 -9 -8 -7 -7 -7 -6 ------- Run | Jun Mat Min Exi Min Mat Fac Was Fac Fac Peak Influence 510 | . 255 232 . 161 294 190 55 510 252 Initial 215 | . . 65 . . . 1 55 33 215 Average 125 | . 137 144 . 116 101 65 55 154 218 Maximum Alert Level 2 | . 1 1 . . 1 . . 2 1 Low Security (%) 80 | 100 93 86 . 100 94 100 100 59 . Level 1 19 | . 6 13 . . 5 . . 38 100 Level 2 . | . . . . . . . . 1 . Level 3 . | . . . . . . . . . . Level 4 . | . . . . . . . . . . Level 5 . | . . . . . . . . . . High Security . | . . . . . . . . . . Max Security . | . . . . . . . . . . Squads Dispatched 31 | . 3 . . . 7 3 . 18 . Investigation 15 | . 3 . . . 2 1 . 9 . Extermination 4 | . . . . . . 1 . 3 . Reinforcement 4 | . . . . . 2 . . 2 . Assault . | . . . . . . . . . . Garrison 8 | . . . . . 3 1 . 4 . Intercept . | . . . . . . . . . . Searches Triggered . | . . . . . . . . . . Construction Impeded . | . . . . . . . . . . Haulers Reinforced . | . . . . . . . . . . Active Scanning Responses . | . . . . . . . . . . Cargo Convoy Interrupts 1 | . . . . . . . . 1 . Stealth | -11 -10 -10 -10 -9 -8 -7 -7 -7 -6 --------- Run | Jun Mat Min Exi Min Mat Fac Was Fac Fac Distress Signals 6 | . 1 . . . 4 . . 1 . Communications Jammed 170 | . . . . . . . . 167 3 Distress Signals 154 | . . . . . . . . 151 3 Times Spotted 152 | . 15 7 . 6 46 10 . 64 4 Peak Tracking Total 5 | . 4 3 . 3 5 4 . 4 3 Tactical Retreats 7 | . . . . 1 1 1 . 4 . Traps | -11 -10 -10 -10 -9 -8 -7 -7 -7 -6 ------- Run | Jun Mat Min Exi Min Mat Fac Was Fac Fac Traps Triggered 5 | . 2 . . . . 3 . . . Indirectly . | . . . . . . . . . . Trap Hack Attempts . | . . . . . . . . . . Triggered . | . . . . . . . . . . Disarmed . | . . . . . . . . . . Reprogrammed . | . . . . . . . . . . Reused . | . . . . . . . . . . Traps Extracted . | . . . . . . . . . . Installed . | . . . . . . . . . . Triggered . | . . . . . . . . . . Machines | -11 -10 -10 -10 -9 -8 -7 -7 -7 -6 ---------- Run | Jun Mat Min Exi Min Mat Fac Was Fac Fac Machines Disabled 11 | . 1 . . . 6 1 . 3 . Max in Single Turn 2 | . 1 . . . 2 1 . . . Garrison Access 1 | . . . . . . . . 1 . Machines Repaired . | . . . . . . . . . . Machines Sabotaged . | . . . . . . . . . . Overloaded Fab Kills . | . . . . . . . . . . Hacking | -11 -10 -10 -10 -9 -8 -7 -7 -7 -6 --------- Run | Jun Mat Min Exi Min Mat Fac Was Fac Fac Machines Accessed 47 | . 9 . 1 . 11 2 . 24 . Terminals 30 | . 7 . . . 8 1 . 14 . Fabricators 2 | . . . . . . . . 2 . Repair Stations 3 | . 1 . . . . . . 2 . Recycling Units 6 | . 1 . . . 1 1 . 3 . Scanalyzers 3 | . . . . . 1 . . 2 . Garrison Access 2 | . . . . . 1 . . 1 . Total Hacks 131 | . 24 . 1 . 34 4 . 68 . Successful 70 | . 13 . 1 . 19 2 . 35 . Failed 61 | . 11 . . . 15 2 . 33 . Catastrophic 5 | . 1 . . . . . . 4 . Database Lockouts . | . . . . . . . . . . Manual 67 | . 5 . 1 . 25 3 . 33 . Terminals 94 | . 19 . . . 29 2 . 44 . Fabricators 5 | . . . . . . . . 5 . Repair Stations 7 | . 3 . . . . . . 4 . Recycling Units 11 | . 2 . . . 1 2 . 6 . Scanalyzers 8 | . . . . . 2 . . 6 . Garrison Access 5 | . . . . . 2 . . 3 . Terminal Hacks 31 | . 8 . 1 . 10 . . 12 . Part Schematic 1 | . . . . . . . . 1 . Robot Analysis 1 | . 1 . . . . . . . . Prototype ID Bank 4 | . 2 . . . 2 . . . . Level Access Points 1 | . . . . . . . . 1 . Branch Access Points 2 | . . . . . 1 . . 1 . Terminal Index 2 | . . . . . 1 . . 1 . Alert Level 1 | . 1 . . . . . . . . Unreport Threat 6 | . . . . . 2 . . 4 . Locate Traps 8 | . 1 . . . 3 . . 4 . Dispatch Records 1 | . 1 . . . . . . . . Recall Investigation 1 | . 1 . . . . . . . . Registered Components 1 | . 1 . . . . . . . . Registered Prototypes 1 | . . . . . 1 . . . . EX-Prototype ID Bank 1 | . . . 1 . . . . . . Fabricator Hacks 2 | . . . . . . . . 2 . Load Schematic 1 | . . . . . . . . 1 . Build 1 | . . . . . . . . 1 . Repair Station Hacks 5 | . 2 . . . . . . 3 . Scan Component 2 | . . . . . . . . 2 . Repair 1 | . . . . . . . . 1 . Refit 2 | . 2 . . . . . . . . Recycling Unit Hacks 6 | . 1 . . . 1 1 . 3 . Report Inventory 6 | . 1 . . . 1 1 . 3 . Scanalyzer 4 | . . . . . 1 . . 3 . Insert Component 3 | . . . . . 1 . . 2 . Analyze 1 | . . . . . . . . 1 . Garrison Access Hacks 1 | . . . . . . . . 1 . Seal Access 1 | . . . . . . . . 1 . Unauthorized Hacks 21 | . 2 . . . 7 1 . 11 . Terminals 12 | . 1 . . . 6 . . 5 . Track 6 | . . . . . 3 . . 3 . Assimilate 2 | . . . . . 1 . . 1 . Botnet 4 | . 1 . . . 2 . . 1 . Fabricators 2 | . . . . . . . . 2 . Prioritize 1 | . . . . . . . . 1 . Fabnet 1 | . . . . . . . . 1 . Repair Stations 1 | . . . . . . . . 1 . Mechanics 1 | . . . . . . . . 1 . Recycling Units 5 | . 1 . . . . 1 . 3 . Tunnel 5 | . 1 . . . . 1 . 3 . Scanalyzers 1 | . . . . . 1 . . . . Extract 1 | . . . . . 1 . . . . Garrison Access . | . . . . . . . . . . Data Cores Recovered . | . . . . . . . . . . Used . | . . . . . . . . . . Hacking Detections 39 | . 7 . . . 9 1 . 22 . Full Trace Events 8 | . 1 . . . 1 . . 6 . Feedback Events . | . . . . . . . . . . Feedback Blocked . | . . . . . . . . . . Robot Schematics Acquired . | . . . . . . . . . . Robots Built . | . . . . . . . . . . Authchips . | . . . . . . . . . . Time . | . . . . . . . . . . Total Robot Build Rating . | . . . . . . . . . . Part Schematics Acquired 3 | . . . . . 1 . . 2 . Parts Built 2 | . . . . . . . . 2 . Authchips . | . . . . . . . . . . Time 47 | . . . . . . . . 47 . Total Part Build Rating 10 | . . . . . . . . 10 . Parts Repaired 1 | . . . . . . . . 1 . Time 35 | . . . . . . . . 35 . Parts Recycled . | . . . . . . . . . . Recycled Matter . | . . . . . . . . . . Retrieved Matter . | . . . . . . . . . . Retrieved Components . | . . . . . . . . . . Parts Scanalyzed 1 | . . . . . . . . 1 . Part Schematics Acquired 1 | . . . . . . . . 1 . Parts Damaged . | . . . . . . . . . . Bothacking | -11 -10 -10 -10 -9 -8 -7 -7 -7 -6 ------------ Run | Jun Mat Min Exi Min Mat Fac Was Fac Fac Used RIF Installer . | . . . . . . . . . . Robots Hacked . | . . . . . . . . . . Non-combat . | . . . . . . . . . . Combat . | . . . . . . . . . . Robot Hacks Applied . | . . . . . . . . . . Relay Couplers Released . | . . . . . . . . . . Fabnet Peak Effective % 3 | . . . . . . . . . 3 Robots Rewired . | . . . . . . . . . . Allies Hacked 1 | . . . . . . . . 1 . Hacks Repelled . | . . . . . . . . . . Allies | -11 -10 -10 -10 -9 -8 -7 -7 -7 -6 -------- Run | Jun Mat Min Exi Min Mat Fac Was Fac Fac Total Allies 26 | . . 5 . . . . 20 1 . Largest Group 20 | . . 5 5 3 . . 20 20 . Highest-Rated Group 546 | . . 87 87 40 . . 546 546 . Highest-Rated Ally 35 | . . 31 31 16 . . 35 35 . Total Orders . | . . . . . . . . . . Ally Attacks 280 | . . 7 . 9 . . . 264 . Total Damage 5085 | . . 93 . 106 . . . 4886 . Kills 55 | . . 3 . 4 . . . 48 . Allies Corrupted 1 | . . . . . . . . 1 . Allies Melted . | . . . . . . . . . . Intel | -11 -10 -10 -10 -9 -8 -7 -7 -7 -6 ------- Run | Jun Mat Min Exi Min Mat Fac Was Fac Fac Robot Analysis Total 1 | . 1 . . . . . . . . Derelict Logs Recovered 4 | . . 2 . 2 . . . . . Drone Launches . | . . . . . . . . . . Drone Recoveries . | . . . . . . . . . . Exploration | -11 -10 -10 -10 -9 -8 -7 -7 -7 -6 ------------- Run | Jun Mat Min Exi Min Mat Fac Was Fac Fac Turns Passed 7747 | 16 683 415 323 475 1685 765 307 3003 75 Spaces Moved 5935 | 10 476 393 345 436 1205 522 214 2267 67 Core . | . . . . . . . . . . Treads . | . . . . . . . . . . Legs 3 | 3 . . . . . . . . . Wheels 1919 | 7 476 393 345 436 262 . . . . Hover 4013 | . . . . . 943 522 214 2267 67 Flight . | . . . . . . . . . . Fastest Speed 52 | 80 85 90 90 90 52 52 108 52 108 Average Speed 100 | 98 89 90 90 90 88 105 127 109 108 Slowest Speed 185 | 120 90 90 90 90 185 112 176 176 108 Overloaded Moves . | . . . . . . . . . . Propulsion Burnouts . | . . . . . . . . . . Robots Hopped . | . . . . . . . . . . Cave-ins Triggered . | . . . . . . . . . . Exploration Rate (%) 57 | 2 85 86 75 75 92 12 82 59 4 Regions Visited 9 Branch Regions 3 Pre-discovered Areas 5 | . 1 . . . . 1 . 3 . Known Exits Taken 6 | . 1 1 1 1 1 . . 1 . Unknown Exits Taken 1 | 1 . . . . . . . . . Scrap Searched 1 | . . . . 1 . . . . . Spaces Dug 52 | . . . . . 37 . . 15 . Terrain Destroyed 88 | . . . . . 70 . . 18 . Melee 12 | . . . . . . . . 12 . Projectile 7 | . . . . . 1 . . 6 . AOE 68 | . . . . . 68 . . . . Terrain Rammed . | . . . . . . . . . . Walls Destroyed . | . . . . . . . . . . Machines Disabled . | . . . . . . . . . . Actions | -11 -10 -10 -10 -9 -8 -7 -7 -7 -6 --------- Run | Jun Mat Min Exi Min Mat Fac Was Fac Fac Total 7292 | 15 667 437 357 508 1689 693 249 2609 68 Wait 810 | . 108 23 10 62 333 111 15 148 . Move 5927 | 9 475 392 344 435 1204 522 213 2266 67 Hop . | . . . . . . . . . . Pick Up 21 | 1 2 . 1 1 7 1 1 7 . Fast Attach 54 | 3 13 1 1 . 12 5 5 14 . Attach 8 | . . . . . 3 1 . 4 . Detach 8 | 1 1 . . . 2 1 1 2 . Swap 30 | . 2 2 . . 11 4 1 10 . Drop 57 | 1 12 3 1 . 14 6 6 14 . Fire 184 | . 38 9 . 5 67 22 . 43 . Melee 57 | . . . . . . . . 56 1 Ram . | . . . . . . . . . . Kick . | . . . . . . . . . . Crush . | . . . . . . . . . . Escape Stasis . | . . . . . . . . . . Rewire 3 | . . . . . . . 3 . . Trap . | . . . . . . . . . . Miscellaneous 133 | . 16 7 . 5 36 20 4 45 . Route ------- -11/Junkyard -10/Materials (discovered 4 exits: *Mat x2 / *Min x2) -10/Mines (discovered 3 exits: *Mat x2 / *Exi) -10/Exiles (discovered 2 exits: *Min x2) -9/Mines -8/Materials (discovered 3 exits: *Fac x3) -7/Factory -7/Waste -7/Factory (discovered 6 exits: *Fac x4 / Low x2) -6/Factory History --------- Turn | Location | Event 1 | -11/Junkyard | Upgraded with Propulsion slot (x1) 1 | -11/Junkyard | Upgraded with Utility slot (x3) 1 | -11/Junkyard | Upgraded with Weapon slot (x1) 1 | -11/Junkyard | Discovered new exit (range 2) 17 | -11/Junkyard | Entered Materials 127 | -10/Materials | Discovered new exit (range 10) 203 | -10/Materials | Identified exit to Mines 316 | -10/Materials | Build established: Mutant 332 | -10/Materials | Discovered new exit (range 3) 333 | -10/Materials | Identified exit to Materials 469 | -10/Materials | Reached level 2 477 | -10/Materials | Upgraded with Utility slot (x1) 580 | -10/Materials | Discovered exit to Materials (range 3) 626 | -10/Materials | Discovered exit to Mines (range 6) 700 | -10/Materials | Entered Mines 701 | -10/Mines | Assisted by bots powering up and referring to "LRC-V3" 750 | -10/Mines | Found a damaged Exp. Sensor Array with a note attached 752 | -10/Mines | Found Prototype Device 752 | -10/Mines | Identified Exp. Sensor Array 921 | -10/Mines | Discovered exit to Materials (range 6) 985 | -10/Mines | Build established: Skirmisher 1061 | -10/Mines | Discovered exit to Materials (range 7) 1098 | -10/Mines | Deemed a non-threat by the Exiles lab entrance 1098 | -10/Mines | Discovered new exit (range 5) 1103 | -10/Mines | Identified exit to Exiles 1115 | -10/Mines | Entered Exiles 1115 | -10/Exiles | Accompanied by 5 allies 1116 | -10/Exiles | Identified exit to Mines 1117 | -10/Exiles | Reached level 3 1137 | -10/Exiles | Met 8R-AWN 1145 | -10/Exiles | Led the pair of lost Derelicts to a safe place 1152 | -10/Exiles | Met EX-HEX 1178 | -10/Exiles | Met EX-BIN 1226 | -10/Exiles | Aligned with FarCom system 1227 | -10/Exiles | Given EX-Vault access code 1248 | -10/Exiles | Opened EX-Vault 1251 | -10/Exiles | Upgraded with Utility slot (x1) 1255 | -10/Exiles | Found 0b10 Alert Chip 1259 | -10/Exiles | Found Latent Energy Streamer 1280 | -10/Exiles | Warned to stay clear of 0b10 Research branches 1307 | -10/Exiles | Met EX-DEC 1339 | -10/Exiles | Visited The Gauntlet 1438 | -10/Exiles | Stole two prototypes: 0b10 Alert Chip, Latent Energy Streamer 1438 | -10/Exiles | Entered Mines 1438 | -9/Mines | Accompanied by 3 allies 1545 | -9/Mines | Learned 2 Materials zone layouts 1552 | -9/Mines | Reached level 4 1562 | -9/Mines | Learned 4 Materials zone layouts 1666 | -9/Mines | Discovered new exit (range 5) 1669 | -9/Mines | Identified exit to Materials 1707 | -9/Mines | Assembled infested the area 1712 | -9/Mines | Assisted by a Guerilla fighting off Assembled 1913 | -9/Mines | Entered Materials 1914 | -8/Materials | Identified exit to Factory 1915 | -8/Materials | Reached level 5 1915 | -8/Materials | Reached level 6 1982 | -8/Materials | Upgraded with Utility slot (x1) 2201 | -8/Materials | Reached level 7 2231 | -8/Materials | Upgraded with Power slot (x1) 2231 | -8/Materials | Upgraded with Utility slot (x1) 3065 | -8/Materials | Reached level 8 3133 | -8/Materials | Upgraded with Propulsion slot (x1) 3387 | -8/Materials | Discovered exit to Factory (range 16) 3598 | -8/Materials | Entered Factory 3600 | -7/Factory | FarCom data flow suspended 3600 | -7/Factory | Reached level 9 3600 | -7/Factory | Reached level 10 3667 | -7/Factory | Upgraded with Utility slot (x1) 3918 | -7/Factory | Build established: Hacker-Skirmisher 3946 | -7/Factory | Discovered new exit (range 15) 4009 | -7/Factory | Identified exit to Factory 4154 | -7/Factory | Reached level 11 4167 | -7/Factory | Upgraded with Propulsion slot (x1) 4319 | -7/Factory | Garrison activated, responded to threat 4363 | -7/Factory | Sucked down chute 4363 | -7/Factory | Entered Waste 4364 | -7/Waste | Joined by Warlord forces that had cleared the area 4471 | -7/Waste | Discovered new exit (range 11) 4507 | -7/Waste | Found Prototype Processor 4507 | -7/Waste | Identified Exp. Terrain Scan Processor 4656 | -7/Waste | Identified exit to Factory 4670 | -7/Waste | Entered Factory 4670 | -7/Factory | Accompanied by 20 allies 4936 | -7/Factory | Repaired Broken Imp. System Restoration Module? 5269 | -7/Factory | Reached level 12 5269 | -7/Factory | Upgraded with Weapon slot (x1) 5457 | -7/Factory | Cargo convoy interrupted 5481 | -7/Factory | Found Prototype Slashing Weapon 5481 | -7/Factory | Identified Centrium Greatsword 5492 | -7/Factory | Reached level 13 5520 | -7/Factory | Found Centrium Greatsword 5548 | -7/Factory | Upgraded with Weapon slot (x1) 5778 | -7/Factory | Build established: Hacker-Gladiator 5875 | -7/Factory | Reached level 14 6212 | -7/Factory | Upgraded with Weapon slot (x1) 6626 | -7/Factory | Identified exit to Lower Caves 6626 | -7/Factory | Reached level 15 6713 | -7/Factory | Garrison activated, responded to threat 7127 | -7/Factory | Fabricated Imp. Trap Scanner? 7580 | -7/Factory | Core integrity fell below 50% 7618 | -7/Factory | Core integrity fell below 20% 7673 | -7/Factory | Entered another Factory area 7674 | -6/Factory | Core integrity fell below 50% 7674 | -6/Factory | Core integrity fell below 20% 7675 | -6/Factory | Reached level 16 7748 | -6/Factory | Destroyed by S-27 Virus with Autogun Last Messages --------------- 07617_ H-61 Shepherd call for reinforcements jammed. 07622_ Knocked back. 07624_ H-61 Shepherd call for reinforcements jammed. 07627_ H-61 Shepherd misfires. 07630_ H-61 Shepherd destroyed. 07635_ Acquired Fusion Reactor. 07638_ Acquired Gravmag System. 07639_ Acquired 20 matter. 07648_ Acquired Hrd. Medium Armor Plating. 07654_ Acquired Gravmag System. 07656_ Acquired 20 matter. 07664_ Acquired 5 matter. 07668_ Acquired Imp. Trap Scanner. 07672_ Acquired 10 matter. LOCATION=FACTORY GOAL=ESCAPE 07675_ Reached level 16. 07741_ W-25 Informer distress signal jammed. 07743_ Destroyed Imp. Hover Unit. 07743_ W-25 Informer destroyed. Map ----- +----------------------------------------------------+ | ????????????# #????" """" #??# ######### | | ????????????? #???"" """" #??# ## | | ??????????????? ?# """" """" !#??# ## | | ?????????????####+#### """" """" #?## ## =! | | ?????????????# # #?# + !! | | ?????????????# # """" """" #?# # | | ?????????????# # """" """" #?# # | | ?????????????# # """" """" ### + | | ?????????????# # """" """" + # | | ?????????????### # # # = | | ???????????????# ###+########## # | | ???????????????# # | | ???????????????# # | | ???????????????# ######## | | ???????????????# #??????? | | ???????????????# #??????? | | ???????????????######## #### ##########??????? | | ??????????????????????# #??# #???????????????? | | ??????????????????????# #??# #???????????????? | | ??????????????????????# ####A#########???????? | | ??????????????????????# # #???????? | | ??????????????????????# # #???????? | | ??????????????????????# # """" """" #???????? | | ?????????Y????????????# s # """" """" #???????? | | ??????????????????????# s # """" """" #???????? | | ??????????????????????# s@ # """" """" #???????? | | ??????????????????????+ !!+ #???????? | | ??????????????????????# =%# """" """" #???????? | | ??????????????????????# !# """" """" #???????? | | ??????????????????????# # """" """" #???????? | | ??????????????????????# #! """" """" #???????? | | ??????????????????????#^^ ^ # ?????????? | | ??????????????????????# ############?????????? | | ??????????????????????# #????????????????????? | | ??????????????????????# #????????????????????? | | ??????????????????????# #????????????????????? | | ??????????????????????# #????????????????????? | | ??????????????????????# #????????????????????? | | ??????????????????????# #????????????????????? | | ??????????????????????#k #????????????????????? | | ??????????????????????+ ?????????????????????? | | ???????????????????????? ?????????????????????? | | ?????????????????????????????????????????????????? | | ?????????????????????????????????????????????????? | | ?????????????????????????????????????????????????? | | ?????????????????????????????????????????????????? | | ?????????????????????????????????????????????????? | | ?????????????????????????????????????????????????? | | ?????????????????????????????????????????????????? | | ?????????????????????????????????????????????????? | +----------------------------------------------------+ Best States ------------- Heat Dissipation 70 Energy Generation 41 Energy Capacity 550 Matter Stores 300 Matter Capacity 450 Sight Range 16 Robot Scan Range 20 Terrain Scan Density 10 Jamming Range 12 EM Shielding 2 Corruption Block 8 Armor Coverage 450 Resistance: KI 40 Resistance: TH 45 Resistance: EX 20 Resistance: EM 20 Resistance: I 20 Resistance: S 20 Resistance: P 20 Evasion (%) 54 Targeting Accuracy 8 Kinecelleration 30 Salvage Targeting 1 Offensive Hacking 20 Defensive Hacking 5 Item Schematics ----------------- Datajack | -8/Materials | Extracted Imp. System Restoration Module | -7/Factory | Scanalyzed Imp. Trap Scanner | -7/Factory | Hacked Robot Schematics ------------------ None Fabricated ------------ Imp. Trap Scanner | x2 | -7/Factory Alien Tech Used ----------------- None Achievements -------------- None Challenges ------------ None RPGLIKE | -11 -10 -10 -10 -9 -8 -7 -7 -7 -6 --------- Run | Jun Mat Min Exi Min Mat Fac Was Fac Fac Levels Raised 15 | . 1 . 1 1 4 3 . 4 1 XP Earned 27995 | 4000 1710 1283 350 1481 7063 3533 200 6840 1535 XP Spent 24910 | 3650 1400 . 1700 500 7250 4050 . 6360 . Upgrades 31 | 6 1 . 1 1 9 4 . 9 . Power Slot 1 | . . . . . 1 . . . . Propulsion Slot 3 | 1 . . . . 1 1 . . . Utility Slot 8 | 3 1 . 1 . 2 1 . . . Weapon Slot 4 | 1 . . . . . . . 3 . Heat Dissipation 3 | . . . . . . . . 3 . Mass Support 2 | . . . . . 1 . . 1 . Inventory Capacity 5 | 1 . . . 1 1 . . 2 . Hack Attack % 2 | . . . . . 2 . . . . Hack Defense % 1 | . . . . . 1 . . . . TH Resistance % 1 | . . . . . . 1 . . . KI Damage % 1 | . . . . . . 1 . . . Protomatter Created 1289 | . 108 35 . 15 474 229 . 428 . Integrity Restored 2481 | . 323 144 . 84 687 340 95 808 . Core 1573 | . 309 129 . 16 444 223 . 452 . Parts 908 | . 14 15 . 68 243 117 95 356 . Protomatter Decayed 1311 | . . . . 41 208 101 60 901 . Game ------ Seed VortexFieldPit Manual? 0 Play Time 01:37:22 Cumulative 135.0 hours Start 2023.11.15 @ 22:38:45 End 2023.11.17 @ 23:18:22 Sessions 3 Manual Loads 0 Difficulty Adventurer Special Mode Winter2019/RPGLIKE Game No. 52 Rogue 28 Adventurer 24 Explorer 0 Win Type - Total 6 Types 5/0/1/0/0/0/0/0/0 Lore% 62 Gallery% 69 Achievement% 57 Wizard Run 0 Options --------- ASCII 0 Keyboard 1 Movement Vi Keybinds 0 Fullscreen 2 Font 18/Terminus Map View 76x50 Tactical HUD 1 Map Filters NONE Filters NONE Steam X RUN: 229ddf3a-f370-4eee-b2e8-b69e98f14004